Map: Lockdown LE

Players

Hardvision - Winner!

  • Race: Terran Terran
  • League: Grandmaster
  • Spawn Location: 1:00

Sunrise

  • Race: Terran Terran
  • League: Grandmaster
  • Spawn Location: 7:00

VOD

Have the link to the VOD?

Description

Time

  • Played on: July 6, 2026, 2:22 p.m.
  • Length: 16:08
Show
View Real Time Build Order
Export as new Build Order

Hardvision Terran - Winner!

Build Orders: Mech 

Get SALT Encoding   

  8  0:00  SCV  
  9  0:12  SCV  
  10  0:24  SCV  
  11  0:34  Refinery  
  11  0:37  SCV  
  11  0:41  Supply Depot  
  12  0:49  SCV  
  13  1:03  SCV  
  14  1:09  Barracks  
  14  1:15  SCV  
  15  1:27  SCV  
  16  1:40  SCV  
  17  1:56  Orbital Command, Reaper  
  17  1:57  Factory  
  18  2:08  Supply Depot  
  18  2:21  SCV  
  19  2:30  Reaper  
  19  2:33  SCV  
  21  2:41  Hellion  
  23  2:47  SCV  
  24  2:52  Command Center  
  24  2:59  SCV  
  24  3:01  Refinery  
  24  3:03  Factory Tech Lab  
  24  3:04  Barracks Reactor  
  25  3:11  Supply Depot  
  25  3:13  SCV  
  26  3:23  Cyclone  
  29  3:33  SCV  
  30  3:47  Marine  
  27  3:50  SCV  
  28  3:55  Siege Tank  
  28  3:58  Marine  
  28  4:02  SCV  
  33  4:05  Orbital Command, Marine  
  34  4:14  SCV  
  35  4:17  Starport  
  35  4:26  Marine x2, SCV  
  38  4:35  SCV  
  39  4:38  SCV  
  43  4:49  SCV  
  43  4:50  Command Center  
  40  4:53  SCV  
  40  4:54  Refinery  
  38  5:01  SCV  
  38  5:03  Refinery  
  38  5:05  Raven, Interference Matrix, Factory Tech Lab  
  38  5:06  Marine x2  
  43  5:08  SCV  
  43  5:11  Supply Depot  
  43  5:14  SCV  
  45  5:20  SCV  
  46  5:29  Siege Tank, Marine  
  46  5:33  Supply Depot, Marine, SCV  
  52  5:39  Raven  
  54  5:43  SCV  
  54  5:48  Supply Depot  
  54  5:49  Marine  
  56  5:50  Marine  
  56  5:56  SCV x2  
  59  6:03  Siege Tank  
  59  6:04  Orbital Command  
  62  6:13  SCV  
  62  6:14  Supply Depot  
  62  6:16  SCV  
  64  6:23  Factory x2  
  63  6:25  SCV  
  63  6:28  SCV  
  63  6:29  Barracks Reactor, Viking x2  
  69  6:36  SCV  
  69  6:38  SCV  
  71  6:41  SCV  
  71  6:43  Supply Depot  
  71  6:45  Supply Depot  
  71  6:47  Siege Tank  
  75  6:48  SCV  
  75  6:50  SCV  
  75  6:53  SCV  
  78  6:59  Viking  
  78  7:00  SCV  
  81  7:03  Viking  
  81  7:06  SCV x2  
  85  7:10  Siege Tank  
  85  7:12  SCV  
  88  7:18  SCV, Refinery x2  
  88  7:20  Hellion x2, Siege Tank  
  88  7:22  SCV  
  97  7:24  SCV  
  97  7:27  Supply Depot  
  97  7:28  Supply Depot  
  97  7:29  Viking  
  100  7:30  SCV  
  100  7:34  SCV  
  102  7:37  SCV  
  102  7:42  SCV  
  104  7:46  SCV  
  104  7:50  SCV  
  105  7:52  Engineering Bay  
  105  7:53  Siege Tank x2  
  105  7:54  Hellion x2, Supply Depot  
  105  7:56  Supply Depot  
  105  7:57  SCV  
  114  8:01  Viking x2  
  114  8:05  Infernal Pre-Igniter  
  118  8:13  SCV x2  
  118  8:17  Hellion x2  
  118  8:18  Supply Depot x2  
  118  8:19  SCV  
  125  8:25  Sensor Tower, SCV  
  125  8:26  Armory  
  128  8:27  Hellion  
  128  8:28  Armory  
  127  8:34  SCV x2  
  127  8:36  Liberator x2  
  127  8:37  Hellion  
  127  8:40  Supply Depot  
  136  8:51  SCV x2  
  141  8:55  Siege Tank  
  141  8:56  Hellion  
  141  9:01  Command Center  
  142  9:03  Missile Turret  
  142  9:04  Missile Turret  
  142  9:06  Missile Turret  
  142  9:08  Siege Tank  
  145  9:16  Terran Vehicle Weapons Level 1, Terran Vehicle And Ship Armor Level 1  
  145  9:21  Viking  
  145  9:22  Viking  
  149  9:27  Siege Tank  
  152  9:33  SCV x2  
  152  9:34  Hellion  
  148  9:40  Siege Tank  
  148  9:41  SCV  
  148  9:45  Hellion, SCV x2  
  155  9:49  Supply Depot x2  
  156  9:56  Hellion  
  156  9:59  Viking x2, Siege Tank  
  165  10:04  Missile Turret  
  165  10:06  Hellion  
  167  10:08  Missile Turret x2  
  167  10:10  SCV x3  
  167  10:12  Siege Tank  
  173  10:17  Hellion  
  159  10:25  Planetary Fortress  
  159  10:26  Missile Turret  
  159  10:27  Hellion  
  158  10:32  Siege Tank, SCV x3  
  164  10:44  SCV x3  
  167  10:51  Siege Tank, Hellion  
  167  10:52  Hellion  
  167  10:56  SCV x3  
  177  11:01  SCV  
  177  11:02  Factory  
  177  11:03  Factory  
  177  11:04  Hi-Sec Auto Tracking, Refinery  
  178  11:05  Refinery  
  178  11:08  SCV x3  
  181  11:13  SCV  
  181  11:14  Missile Turret  
  181  11:15  Missile Turret  
  181  11:16  Siege Tank  
  181  11:17  Hellion  
  186  11:20  SCV x2  
  186  11:23  Siege Tank  
  191  11:27  SCV  
  191  11:28  SCV  
  191  11:31  Hellion  
  195  11:39  Hellion  
  193  11:46  Factory Tech Lab  
  191  11:47  Terran Vehicle Weapons Level 2, Terran Vehicle And Ship Armor Level 2  
  191  11:49  Siege Tank  
  191  11:54  SCV x2  
  195  11:58  Command Center  
  195  11:59  Supply Depot  
  196  12:13  SCV x2, Hellion  
  196  12:14  Siege Tank  
  185  12:21  Siege Tank  
  185  12:22  Viking x2  
  171  12:27  SCV  
  170  12:36  Starport  
  170  12:37  Starport, SCV  
  170  12:38  SCV  
  172  12:48  Command Center  
  172  12:49  Command Center  
  171  12:51  Viking  
  171  12:52  Viking  
  165  13:06  Mag-Field Accelerator  
  165  13:10  Factory Reactor  
  165  13:12  Planetary Fortress  
  159  13:14  Missile Turret  
  159  13:16  Missile Turret  
  159  13:17  Factory Reactor  
  159  13:18  Cyclone x2  
  159  13:19  Starport Reactor  
  165  13:21  Viking  
  165  13:22  Viking  
  169  13:30  Cyclone, Viking x2  
  169  13:33  Hellion x3  
  176  13:39  Missile Turret, Drilling Claws  
  176  13:50  Cyclone x2  
  176  13:51  Viking  
  176  13:52  Viking  
  186  14:00  Viking x2  
  186  14:02  Widow Mine  
  184  14:05  Viking x2  
  181  14:12  SCV  
  181  14:13  SCV x2  
  181  14:15  Refinery x2  
  184  14:21  Viking  
  184  14:22  Viking, Cyclone, Widow Mine  
  184  14:23  Cyclone  
  196  14:29  Orbital Command x2  
  196  14:30  Viking x2  
  191  14:32  Command Center  
  191  14:42  Viking x2  
  195  14:51  Cyclone, Hellion, Missile Turret  
  200  14:59  Missile Turret  
  187  15:09  Cyclone x2  
  187  15:10  Viking x2  
  144  15:23  Cyclone  
  144  15:25  SCV  
  144  15:26  Viking x2  
  138  15:37  Hellion x2  
Show
View Real Time Build Order
Export as new Build Order

Sunrise Terran 

Build Orders: Reaper Expand 

Get SALT Encoding   

  8  0:00  SCV  
  9  0:12  SCV  
  10  0:24  SCV  
  11  0:36  SCV  
  11  0:39  Supply Depot  
  12  0:48  SCV  
  13  1:01  SCV  
  13  1:02  Barracks  
  14  1:04  Refinery  
  14  1:13  SCV  
  15  1:25  SCV  
  16  1:37  SCV  
  17  1:49  Reaper, Orbital Command  
  18  2:10  Command Center  
  18  2:15  SCV  
  19  2:21  Supply Depot  
  19  2:24  Reaper  
  19  2:28  SCV  
  21  2:43  SCV  
  22  2:45  Factory  
  22  2:55  SCV  
  23  3:02  Refinery  
  23  3:03  Barracks Reactor  
  23  3:07  SCV  
  24  3:19  Command Center  
  24  3:21  SCV  
  25  3:29  Orbital Command  
  21  3:49  Marine x2  
  21  3:51  Factory Tech Lab  
  21  3:53  SCV  
  22  3:57  SCV  
  23  4:05  SCV  
  23  4:09  SCV  
  28  4:10  Cyclone  
  28  4:12  Marine  
  28  4:13  Marine  
  30  4:18  SCV  
  30  4:22  SCV  
  32  4:30  SCV, Marine  
  32  4:31  Marine  
  33  4:35  Orbital Command  
  33  4:36  SCV  
  34  4:47  SCV  
  34  4:48  SCV  
  34  4:51  Siege Tank  
  39  4:54  Marine x2  
  41  5:00  Starport, SCV  
  41  5:02  SCV  
  41  5:05  SCV  
  44  5:13  SCV, Marine  
  46  5:14  SCV  
  46  5:15  Supply Depot, Marine  
  46  5:18  SCV  
  49  5:23  Siege Tank  
  49  5:25  SCV  
  52  5:30  Supply Depot  
  52  5:31  Refinery, SCV  
  52  5:33  SCV  
  54  5:37  Marine x2, Starport Tech Lab  
  54  5:42  SCV  
  57  5:43  SCV  
  58  5:53  Supply Depot, SCV  
  58  5:54  SCV  
  58  5:56  Siege Tank  
  63  5:57  Raven  
  63  5:58  Interference Matrix, Marine x2  
  63  6:00  SCV  
  68  6:06  SCV x2  
  68  6:10  Supply Depot  
  70  6:12  SCV, Barracks  
  70  6:17  Refinery  
  71  6:20  SCV  
  71  6:24  Marine x2  
  71  6:25  SCV  
  75  6:26  Orbital Command  
  75  6:27  Barracks  
  75  6:34  Raven, Siege Tank  
  75  6:36  SCV  
  81  6:42  Engineering Bay x2, SCV  
  81  6:46  Supply Depot  
  82  6:49  SCV  
  82  6:52  Marine x2  
  82  6:53  SCV  
  86  6:54  SCV  
  87  7:03  Barracks  
  87  7:07  Supply Depot  
  87  7:08  SCV  
  88  7:09  SCV  
  88  7:10  Supply Depot  
  88  7:15  Raven  
  91  7:16  Barracks, Marine  
  91  7:17  Barracks Reactor  
  91  7:18  Marine x2  
  91  7:19  Factory Reactor, Stimpack  
  91  7:21  SCV x2  
  96  7:23  SCV  
  97  7:32  Supply Depot, Terran Infantry Weapons Level 1  
  97  7:33  Terran Infantry Armor Level 1  
  97  7:34  SCV  
  97  7:35  Supply Depot  
  98  7:41  Armory  
  98  7:43  SCV x2  
  99  7:44  Supply Depot  
  99  7:46  SCV  
  99  7:52  Marine  
  99  7:53  Marine x3  
  99  7:55  SCV x2  
  105  7:59  Marine x2  
  105  8:03  Medivac  
  105  8:04  Medivac  
  105  8:05  SCV  
  112  8:07  SCV  
  112  8:10  Marine x3  
  112  8:11  Supply Depot  
  116  8:16  SCV, Supply Depot  
  116  8:17  SCV  
  116  8:19  Marine x3  
  120  8:22  Siege Tank, Marine  
  120  8:26  SCV  
  126  8:28  SCV  
  126  8:31  Marine x3  
  130  8:37  Marine x2  
  130  8:38  Marine  
  130  8:40  Marine  
  134  8:44  SCV  
  135  8:48  Marine  
  135  8:49  Marine x2, Medivac x2  
  135  8:50  Command Center, SCV  
  135  8:55  Marine  
  144  8:58  Siege Tank  
  144  8:59  Marine x3, Combat Shield  
  150  9:05  Supply Depot  
  150  9:09  Starport  
  150  9:10  Starport x2  
  150  9:17  Marine x2  
  150  9:18  Barracks Tech Lab x2, Marauder  
  150  9:22  SCV  
  151  9:30  SCV  
  147  9:33  SCV  
  147  9:34  SCV  
  138  9:40  Terran Infantry Weapons Level 2, Terran Ship Weapons Level 1  
  138  9:42  Armory, SCV  
  138  9:44  Refinery  
  138  9:45  SCV, Refinery  
  140  9:46  SCV  
  140  9:51  Starport Reactor x3  
  141  9:54  Marauder x2  
  141  9:55  SCV  
  146  10:02  Viking  
  146  10:03  Starport Tech Lab  
  146  10:06  SCV  
  149  10:08  Orbital Command  
  141  10:14  Refinery  
  141  10:15  Marine x2, Viking  
  141  10:17  Refinery  
  141  10:19  SCV  
  142  10:26  Raven  
  136  10:30  Viking  
  136  10:31  Viking x2  
  136  10:32  Marauder  
  136  10:33  Marauder, SCV x2  
  136  10:34  SCV  
  149  10:42  Missile Turret, Sensor Tower  
  149  10:43  Missile Turret x3, Terran Infantry Armor Level 2  
  149  10:45  SCV  
  149  10:46  SCV x3  
  153  10:54  Viking  
  153  10:55  Viking  
  157  10:57  SCV  
  157  10:58  SCV x2  
  157  11:01  Viking  
  162  11:04  Raven  
  162  11:09  Terran Vehicle And Ship Armor Level 1  
  164  11:18  Viking x2  
  166  11:20  Viking  
  166  11:22  Command Center  
  168  11:38  Viking x3  
  170  11:45  Terran Ship Weapons Level 2  
  168  11:48  Viking  
  168  11:49  Raven  
  168  11:50  SCV x2  
  172  11:55  Command Center  
  172  11:56  Viking, Command Center  
  121  12:25  Viking  
  121  12:26  Viking x6  
  121  12:27  SCV x2  
  121  12:29  Marauder x2, Marine  
  123  12:30  Marauder  
  124  12:51  Marine x2  
  124  12:55  Viking  
  124  12:56  Viking x2  
  132  13:01  Viking  
  123  13:09  Liberator x2  
  132  13:18  Marine, Marauder  
  132  13:19  Marine, Marauder  
  138  13:25  Raven, Liberator  
  138  13:26  Viking  
  142  13:29  Terran Vehicle And Ship Armor Level 2  
  141  13:41  Viking x2  
  145  13:58  Marauder x2  
  134  14:06  Marine, Marauder  
  128  14:17  Marine x3  
  128  14:19  Liberator x3  
  128  14:20  Viking x2  
  139  14:29  SCV  
  137  14:40  Marauder, Marine  
  137  14:45  Marauder  
  142  14:50  SCV x2  
  142  14:51  SCV  
  112  15:15  Marauder x3, Marine x2  
  112  15:21  SCV  
  93  15:22  Marine x2  
  93  15:26  SCV x2  
  75  15:30  Viking  
  75  15:31  Viking x3  
  75  15:33  Marine, Viking x2  
  86  15:36  Marine x2  
Tags
 
Composition
Mech
Matchup
TvT
Race
Terran
Spawn Locations
Cross Positions
Add a new tag
Caveats
  • Supply blocks, unpowered buildings, or Contaminate may cause inaccurate times.
  • Supply counts are checked every 10 seconds.